 Dungeon Crawl Stone Soup version 0.19-a0-1937-g70ed36a (webtiles) character file.

123 varam the Conjurer (level 4, -1/24 HPs)
             Began as a Deep Elf Conjurer on Oct 26, 2016.
             Slain by a gnoll
             ... wielding a +0 flail
              (11 damage)
             ... on level 4 of the Dungeon.
             The game lasted 00:04:47 (1823 turns).

varam the Conjurer (Deep Elf Conjurer)              Turns: 1823, Time: 00:04:48

Health: -1/24      AC:  3    Str:  6    XL:     4   Next: 80%
Magic:  1/10       EV: 13    Int: 20    God:
Gold:   123        SH:  0    Dex: 15    Spells: 2 memorised, 6 levels left

rFire  . . .     SeeInvis .     r - +1 dagger (speed)
rCold  . . .     Gourm    .     a - +0 robe
rNeg   . . .     Faith    .     (no shield)
rPois  .         Spirit   .     (no helmet)
rElec  .         Reflect  .     (no cloak)
rCorr  .         Harm     .     (no gloves)
MR     .....                    h - +0 pair of boots
Stlth  ++........               (no amulet)
                                (no ring)
                                (no ring)

@: no status effects
A: no striking features
a: no special abilities


You were on level 4 of the Dungeon.
You were not hungry.

You visited 1 branch of the dungeon, and saw 4 of its levels.

You collected 123 gold pieces.

Inventory:

Hand Weapons
 r - a +1 dagger of speed (weapon)
Armour
 a - a +0 robe (worn)
 h - a +0 pair of boots (worn)
Jewellery
 i - an uncursed amulet of the gourmand {unknown}
 q - an uncursed ring of wizardry {unknown}
 s - a cursed ring of teleportation {unknown}
Scrolls
 e - 5 scrolls of identify {unknown}
 g - 3 scrolls of teleportation {unknown}
 j - 2 scrolls of remove curse {unknown}
 n - a scroll of enchant weapon {unknown}
 p - 3 scrolls of recharging {unknown}
Potions
 d - 2 potions of curing {unknown}
 f - a potion of flight {unknown}
 m - a potion of brilliance {unknown}
 t - 2 potions of invisibility {unknown}
Books
 b - a book of Conjurations

   Spells                             Type                      Level
   a - Magic Dart                     Conjuration                  1
   b - Searing Ray                    Conjuration                  2
   c - Dazzling Spray                 Conjuration/Hexes            3
   d - Fulminant Prism                Conjuration/Hexes            4
   e - Iskenderun's Mystic Blast      Conjuration                  4
   f - Iskenderun's Battlesphere      Conjuration/Charms           5
Comestibles
 c - a bread ration
 k - 2 chunks of flesh
 l - a meat ration
 o - 3 fruits


   Skills:
 - Level 2.4 Dodging
 - Level 2.4 Stealth
 - Level 3.0 Spellcasting
 + Level 6.8 Conjurations


You had 6 spell levels left.
You knew the following spells:

 Your Spells              Type           Power        Failure   Level  Hunger
a - Magic Dart            Conj           ####         1%          1    None
b - Searing Ray           Conj           ####..       1%          2    ##.....


Dungeon Overview and Level Annotations

Branches:
Dungeon (4/15)
 Temple: D:4-7

Altars:
Elyvilon


Message History

The gnoll closely misses you.
The searing ray hits the gnoll.
You kill the gnoll!
You finish channeling your searing ray.
Casting: Searing Ray
Confirm with . or Enter, or press ? or * to list all spells.
Aiming: Magic Dart
Press: ? - help, Shift-Dir - straight line, f - gnoll
Aim: a gnoll, wielding a flail The magic dart hits the gnoll.
The gnoll is moderately wounded.
Casting: Magic Dart
Confirm with . or Enter, or press ? or * to list all spells.
Aiming: Magic Dart
Press: ? - help, Shift-Dir - straight line, f/p - gnoll
Aim: a gnoll, wielding a flail (moderately wounded)
The magic dart hits the gnoll.
The gnoll is heavily wounded.
The gnoll hits you with a flail!
You die...

#.............# .
....)...###....
.........# ##
..........#
.........########
.......#.#......#
#######.#....#.#.#
........#....#.#>#
#.@#..#.#.###
#g......#...#
#.[.)#.#.####.#.#
######.#......#.#
#....#...##.#
#...........#
#.####..#####
#.####..#
#.#.....#


You could see a gnoll.

Vanquished Creatures
  2 gnolls (D:4)
  4 adders (D:2)
  A worm (D:2)
  4 leopard geckos
  5 bats
  3 giant cockroaches
  9 goblins
  7 hobgoblins
  4 jackals
  2 quokkas
  7 frilled lizards
  7 kobolds
  A rat (D:2)
56 creatures vanquished.

Notes
Turn   | Place    | Note
-------+----------+-------------------------------------------
     0 | D:1      | varam the Deep Elf Conjurer began the quest for the Orb.
     0 | D:1      | Reached XP level 1. HP: 10/10 MP: 6/6
    99 | D:1      | Reached XP level 2. HP: 15/15 MP: 2/8
   121 | D:1      | Reached skill level 5 in Conjurations
   125 | D:1      | Learned a level 2 spell: Searing Ray
   878 | D:2      | Reached XP level 3. HP: 16/19 MP: 4/9
  1044 | D:2      | Reached skill level 6 in Conjurations
  1119 | D:2      | Reached XP level 4. HP: 24/24 MP: 4/10
  1683 | D:3      | Found a white marble altar of Elyvilon.
  1823 | D:4      | Slain by a gnoll

Vault maps used:
D:1:      saegor_arrival_simple_f, minmay_misc_feat_encased,
          minmay_parallelograms
D:2:      minmay_box_of_dots
D:3:      nicolae_overflow_hidden_temple, elyvilon_altar_4, serial_bayou_pond_d
D:4:      cheibrodos_greedy_goblins, kennysheep_mini, first_bread

Skill      XL: |  1  2  3 |
---------------+----------+-----
Conjurations   | 5 6 |  6.8
Dodging        | |  2.4
Stealth        | |  2.4
Spellcasting   | |  3.0

Action                   |  1- 3 |  4- 6 || total
-------------------------+-------+-------++-------
Melee: Unarmed           |     1 |     2 ||     3
       Dagger            |       |     3 ||     3
 Cast: Magic Dart        |    55 |    38 ||    93
       Searing Ray       |     3 |     4 ||     7
  Eat: Chunk             |     1 |     2 ||     3
Armor: Robe              |     5 |     1 ||     6
Dodge: Dodged            |    15 |     9 ||    24
